[Event "Kadettallsvenskan 2018, sodra kvalet"]
[Site "Vegagatan 20, Gothenburg, Sweden"]
[Date "2018.04.15"]
[Round "5.2"]
[White "Olsson, William"]
[Black "Strom-Engdahl, Alexander"]
[Result "1-0"]
[TimeControl "45 minutes for the whole game + 10 seconds per move from move one."]
[WhiteFideId "1741721"]
[BlackFideId "1741586"]
[WhiteElo "2178"]
[BlackElo "1720"]

1. Nf3 Nf6 2. d4 g6 3. c4 c5 4. d5 d6 5. Nc3 Bg7 6. e4 Bg4 7. Be2 O-O 8. O-O Nbd7 9. h3 Bxf3 10.
Bxf3 a6 11. a4 Qc7 12. Be3 Rab8 13. Qd2 Rfc8 14. Be2 Qa5 15. Qc2 Qb4 16. a5 Nxe4 17. Nxe4 Qxb2 18. Qxb2 Bxb2 19. Rab1 Bg7 20.
Bd2 Nf6 21. Nxf6+ Bxf6 22. Rb6 Kf8 23. Rfb1 Rc7 24. Rxa6 1-0

[Event "Kadettallsvenskan 2018, sodra kvalet"]
[Site "Vegagatan 20, Gothenburg, Sweden"]
[Date "2018.04.15"]
[Round "5.3"]
[White "Ben Saeid, Aria"]
[Black "Torngren, Gustav"]
[Result "0-1"]
[TimeControl "45 minutes for the whole game + 10 seconds per move from move one."]
[WhiteFideId "1741691"]
[BlackFideId "1728970"]
[WhiteElo "1693"]
[BlackElo "1906"]

1. d4 Nf6 2. c4 e6 3. Nc3 c5 4. d5 exd5 5. cxd5 d6 6. e4 g6 7. f3 Bg7 8. Bg5 h6 9. Be3 Na6 10.
Nge2 Nc7 11. Ng3 O-O 12. Qd2 Kh7 13. Be2 a6 14. a4 b6 15. O-O Rb8 16. Rab1 b5 17. axb5 Nxb5 18. Bxb5 axb5 19. b4 c4 20. f4 Ng4 21.
h3 Nxe3 22. Qxe3 Qb6 23. Qxb6 Rxb6 24. Nge2 f5 25. Rbd1 Re8 26. Nd4 fxe4 27. Ncxb5 e3 28. Rfe1 Bxd4 29. Nxd4 Rxb4 30. Nc2 Rb3 31.
Rd4 Rc3 32. Re2 Rxc2 33. Rxc2 e2 34. Rxe2 Rxe2 35. Rxc4 Bf5 36. Rc6 Be4 37. Rxd6 Rxg2+ 38. Kf1 Rd2 39. Rd7 Kg8 40. d6 Bf5 41. Rd8+ Kf7 42. Ke1 Rd5 43.
Rh8 h5 44. h4 Rxd6 45. Kf2 Rd3 46. Rh7+ Kf6 47. Rb7 Rh3 48. Rb1 Bxb1 49. Ke1 0-1

[Event "Kadettallsvenskan 2018, sodra kvalet"]
[Site "Vegagatan 20, Gothenburg, Sweden"]
[Date "2018.04.15"]
[Round "5.4"]
[White "Henriques, Emil"]
[Black "Hattab, Nuhad"]
[Result "0-1"]
[TimeControl "45 minutes for the whole game + 10 seconds per move from move one."]
[WhiteFideId "1746995"]
[BlackFideId "1738992"]
[WhiteElo "1098"]
[BlackElo "1447"]

1. d4 d5 2. Bf4 Nf6 3. e3 e6 4. c3 h6 5. h3 g6 6. Bd3 Bg7 7. Nd2 Nbd7 8. Ngf3 O-O 9. O-O Nh5 10.
Bh2 f5 11. Ne5 Nxe5 12. dxe5 Bh8 13. Be2 Ng7 14. Rc1 c6 15. c4 Qa5 16. a3 Rd8 17. b4 Qxa3 18. Qb3 Qxb3 19. Nxb3 Bd7 20.
Nc5 b6 21. Nb7 Rdb8 22. Nd6 Ne8 23. c5 bxc5 24. bxc5 0-1

[Event "Kadettallsvenskan 2018, sodra kvalet"]
[Site "Vegagatan 20, Gothenburg, Sweden"]
[Date "2018.04.15"]
[Round "5.5"]
[White "Nordin, Oscar"]
[Black "Torngren, Alexander"]
[Result "1-0"]
[TimeControl "45 minutes for the whole game + 10 seconds per move from move one."]
[WhiteFideId "1742302"]
[BlackFideId "1728962"]
[WhiteElo "1359"]
[BlackElo "1214"]

1. c4 e5 2. Nc3 Nc6 3. Nf3 Nf6 4. g3 Bc5 5. Bg2 O-O 6. O-O Re8 7. d3 h6 8. Be3 Bd4 9. Bxd4 Nxd4 10.
e3 Nxf3+ 11. Bxf3 c6 12. d4 e4 13. Bg2 d5 14. cxd5 cxd5 15. f3 a6 16. fxe4 dxe4 17. Rf4 Qb6 18.
Qb3 Qxb3 19. axb3 Be6 20. Nxe4 Nxe4 21. Bxe4 Rab8 22. b4 Red8 23. Rc1 Rd7 24. Rf2 b5 25. Rfc2 Bc4 26. b3 Bxb3 27.
Rc8+ Rd8 1-0

[Event "Kadettallsvenskan 2018, sodra kvalet"]
[Site "Vegagatan 20, Gothenburg, Sweden"]
[Date "2018.04.15"]
[Round "5.6"]
[White "Bensryd, Hampus"]
[Black "Nabbing, Oscar"]
[Result "1-0"]
[TimeControl "45 minutes for the whole game + 10 seconds per move from move one."]
[WhiteFideId "1738330"]
[BlackFideId "1738313"]
[WhiteElo "1918"]
[BlackElo "1456"]

1. e4 e6 2. d3 d5 3. Nd2 Nf6 4. Ngf3 Nc6 5. g3 dxe4 6. dxe4 e5 7. Bg2 Bg4 8. h3 Be6 9. O-O Bc5 10.
Qe2 Qd7 11. Kh2 h6 12. Nc4 Bxc4 13. Qxc4 Bd6 14. Be3 g5 15. Rad1 g4 16. Nh4 Ne7 17. Qe2 h5 18. Bg5 Nh7 19.
Bxe7 Kxe7 20. Nf5+ Kf8 21. Qd2 Rd8 22. Qh6+ Kg8 23. Qg7# 1-0

[Event "Kadettallsvenskan 2018, sodra kvalet"]
[Site "Vegagatan 20, Gothenburg, Sweden"]
[Date "2018.04.15"]
[Round "5.7"]
[White "Nilsson, Kajsa"]
[Black "Nord, Alexander"]
[Result "0-1"]
[TimeControl "45 minutes for the whole game + 10 seconds per move from move one."]
[WhiteFideId "1725157"]
[BlackFideId "1738135"]
[WhiteElo "1693"]
[BlackElo "1763"]

1. e4 e6 2. d4 d5 3. Nd2 c5 4. exd5 Qxd5 5. Ngf3 cxd4 6. Bc4 Qc5 7. Qe2 Nc6 8. Nb3 Qb6 9. O-O Nf6 10.
Bd2 a6 11. Rad1 Bc5 12. Bg5 h6 13. Bh4 Bd7 14. Ne5 Bd6 15. Nxc6 Qxc6 16. Rxd4 Qc7 17. Bxf6 gxf6 18. Rfd1 Bxh2+ 19. Kh1 Bc6 20. Rh4 Be5 21. Nd4 Rg8 22. Nxc6 Qxc6 23. Rg4 Ke7 24. c3 h5 25. Rxg8 Rxg8 26. f3 h4 27. Bd3 0-1

[Event "Kadettallsvenskan 2018, sodra kvalet"]
[Site "Vegagatan 20, Gothenburg, Sweden"]
[Date "2018.04.15"]
[Round "5.8"]
[White "Morell, Ludvig"]
[Black "Olofsson, Klara"]
[Result "1-0"]
[TimeControl "45 minutes for the whole game + 10 seconds per move from move one."]
[WhiteFideId "1736779"]
[BlackFideId "1745182"]
[WhiteElo "1517"]
[BlackElo "1221"]

1. e4 c5 2. Nf3 Nc6 3. d4 cxd4 4. Nxd4 Nf6 5. Nc3 e5 6. Ndb5 d6 7. Bg5 Be7 8. Bxf6 gxf6 9. Nd5 Qa5+ 10.
c3 Bd8 11. Nxd6+ Kf8 12. Qh5 Be6 13. Qh6+ Kg8 14. Ne8 Qxc3+ 15. bxc3 Ba5 16. Qg7# 1-0

[Event "Kadettallsvenskan 2018, sodra kvalet"]
[Site "Vegagatan 20, Gothenburg, Sweden"]
[Date "2018.04.15"]
[Round "5.9"]
[White "Carlander-Strandang, Love"]
[Black "Johansson, William"]
[Result "0-1"]
[TimeControl "45 minutes for the whole game + 10 seconds per move from move one."]
[WhiteFideId "1739689"]
[BlackFideId "1744070"]
[WhiteElo "1339"]
[BlackElo "1462"]

1. e4 e5 2. Nf3 Nc6 3. Bc4 Bc5 4.
Nc3 d6 5. d3 Bg4 6. h3 Bh5 7. g4 Bg6 8. Bg5 f6 9. Bh4 Nge7 10. Nd5 Nxd5 11. Bxd5 Qd7 12. c3 a5 13. d4 exd4 14.
cxd4 Bb4+ 15. Ke2 a4 16. Nd2 Nxd4+ 17. Ke3 c5 18. a3 Bxd2+ 19. Qxd2 Bf7 20. Bxf7+ Qxf7 21. Rab1 O-O 22. Bg3 d5 23. Bd6 Rfc8 24. Bxc5 Nb3 25.
Qxd5 Qxd5 26. exd5 Rxc5 27. Rhd1 Rd8 28. d6 Re5+ 29. Kf4 g5+ 30. Kf3 Re6 31. d7 Re7 32. Rd6 Rexd7 33. Rxf6 Nd2+ 34. Kg2 Nxb1 35. Rf5 Rd5 36.
Rf6 R8d6 37. Rf3 Nd2 38. Re3 Kf7 39. Rc3 Rc6 40. Re3 Nc4 41. Rf3+ Rf6 42. Rc3 Nxb2 43. Rc7+ Kg6 44. Rxb7 Nd3 45. f3 Ne5 46. Rb4 Rd2+ 47.
Kf1 Rxf3+ 48. Ke1 Ra2 49.
Rb6+ Rf6 50. Rb5 Nd3+ 51. Rc5 0-1

[Event "Kadettallsvenskan 2018, sodra kvalet"]
[Site "Vegagatan 20, Gothenburg, Sweden"]
[Date "2018.04.15"]
[Round "6.1"]
[White "Nguyen, Gabriel"]
[Black "Lindholm, Gustav"]
[Result "1-0"]
[TimeControl "45 minutes for the whole game + 10 seconds per move from move one."]
[WhiteFideId "1720791"]
[BlackFideId "1736515"]
[WhiteElo "2024"]
[BlackElo "1803"]

1. d4 d5 2. c4 c6 3. Nc3 Nf6 4. Nf3 dxc4 5. a4 Bf5 6. Ne5 e6 7. Nxc4 Nbd7 8. f3 Bb4 9. e4 Bg6 10.
Be2 O-O 11. O-O Nb6 12. Be3 Rc8 13. Qb3 Nxc4 14. Bxc4 a5 15. Rad1 Qc7 16. Rc1 Rfd8 17. Rfd1 h6 18. Bf2 Bh7 19.
Bf1 Qe7 20. Bh4 g5 21. Bf2 Kh8 22. Kh1 h5 23. Na2 g4 24. Bh4 e5 25. Nxb4 axb4 26. dxe5 Qxe5 27. Rxd8 Rxd8 28. Qxf7 Rd6 29.
Bg3 Qxb2 30. Bxd6 gxf3 31. Qf8 Ng8 32. Qxf3 Nf6 33. Be7 Ng4 34. Rc5 Nf2 35. Kg1 Ng4 36. Qf8 1-0

[Event "Kadettallsvenskan 2018, sodra kvalet"]
[Site "Vegagatan 20, Gothenburg, Sweden"]
[Date "2018.04.15"]
[Round "6.2"]
[White "Strom-Engdahl, Alexander"]
[Black "Batra, Sahil"]
[Result "1-0"]
[TimeControl "45 minutes for the whole game + 10 seconds per move from move one."]
[WhiteFideId "1741586"]
[BlackFideId "1745158"]
[WhiteElo "1720"]
[BlackElo "1487"]

1. Nf3 d5 2. g3 Nc6 3. d4 Nf6 4. Bg2 Bf5 5. O-O e6 6. Bg5 Be7 7. Bxf6 Bxf6 8. a3 a5 9. e3 O-O 10.
Nbd2 h6 11. Rc1 b5 12. Qe2 Rb8 13. Nb3 Be7 14. Rfd1 Re8 15. Qe1 a4 16. Nc5 Bxc5 17. dxc5 Qe7 18. Nd4 Nxd4 19. exd4 c6 20.
Qd2 f6 21. f4 Rbc8 22. Re1 Qd7 23. Re3 Re7 24. Rce1 Rce8 25. Bf3 Bg6 26. Bg4 Kh7 27. Qe2 f5 28. Bh5 Bxh5 29. Qxh5 g6 30.
Qh4 Kg7 31. c3 Kf8 32. Qf6+ Rf7 33. Qxg6 Rg7 34. Qxh6 Kf7 35. Qh5+ Rg6 36. Kg2 Kf6 37. Qf3 Kf7 38. Kf2 Kf6 39.
Rh1 Kf7 40. h4 Rh6 41. Qg2 Rg8 42. Qh3 Rg4 43. Qf1 Qd8 44. Qe2 Qf6 45. Rf3 Ke7 46. Qe5 Qxe5 47. fxe5 Kf7 48. Rf4 Rg7 49.
Kf3 Rhg6 50. Rh3 Rh6 51. h5 Rg5 52. g4 Ke7 53. Rg3 Rxg4 54. Rgxg4 fxg4+ 55. Kxg4 Ke8 56. Rf6 Rh8 57. Rxe6+ Kd7 58.
Rd6+ Kc7 59. Kg5 Rg8+ 60. Rg6 Rf8 61. h6 Rf1 62. h7 Rg1+ 63. Kf6 Rf1+ 64. Ke6 Rh1 65. Rg7+ Kb8 66. Rg8+ Ka7 67. h8=Q Rxh8 68. Rxh8 Ka6 69. Kd6 Kb7 70. Rh7+ Ka6 71.
Rc7 Ka5 72. Kxc6 Ka6 73. Rd7 1-0

[Event "Kadettallsvenskan 2018, sodra kvalet"]
[Site "Vegagatan 20, Gothenburg, Sweden"]
[Date "2018.04.15"]
[Round "6.3"]
[White "Sahlstrom, Alex"]
[Black "Ben Saeid, Aria"]
[Result "0-1"]
[TimeControl "45 minutes for the whole game + 10 seconds per move from move one."]
[WhiteFideId "1739590"]
[BlackFideId "1741691"]
[WhiteElo "1351"]
[BlackElo "1693"]

1. e4 e5 2. Nf3 Nc6 3. Bc4 Bc5 4. c3 Nf6 5. d3 O-O 6. O-O d6 7. Bg5 h6 8. Bh4 Be6 9. Nbd2 a6 10.
Re1 b5 11. Bb3 g5 12. Nxg5 hxg5 13. Bxg5 Bg4 14. Nf3 Na5 15. Bc2 Nb7 16. d4 Ba7 17. dxe5 dxe5 18. Qxd8 Raxd8 19. Bxf6 Bxf3 20.
Bxd8 Rxd8 21. gxf3 Rd2 22. Bb3 Bxf2+ 23. Kf1 Bxe1 24. Rxe1 Rxb2 25. Re2 Rb1+ 26. Re1 Rb2 27. Re2 Rb1+ 28.
Re1 Rxe1+ 29. Kxe1 Nc5 30. Bc2 Kg7 31. Kf2 Ne6 32. Kg3 Nf4 33. a4 Ne2+ 34. Kg4 Nxc3 35. axb5 Nxb5 36. Kf5 Nd4+ 37.
Kxe5 Nxc2 38. Kd5 Ne1 39. f4 Nd3 40. f5 Kf6 41. h4 a5 42. Kc4 Nf2 43. h5 Nxe4 0-1

[Event "Kadettallsvenskan 2018, sodra kvalet"]
[Site "Vegagatan 20, Gothenburg, Sweden"]
[Date "2018.04.15"]
[Round "6.4"]
[White "Hattab, Nuhad"]
[Black "Larsson, Mille"]
[Result "0-1"]
[TimeControl "45 minutes for the whole game + 10 seconds per move from move one."]
[WhiteFideId "1738992"]
[BlackFideId "1749137"]
[WhiteElo "1447"]
[BlackElo "1374"]

1. e4 c5 2. Nf3 d6 3. d4 cxd4 4.
Nxd4 Nf6 5. Nc3 g6 6. Be3 Bg7 7. f3 Nc6 8. Bc4 O-O 9. Qd2 e6 10. O-O-O d5 11. exd5 exd5 12. Be2 Re8 13.
Bb5 Bd7 14. Bxc6 bxc6 15. Nb3 a5 16. Na4 Be6 17. Bb6 Qd7 18. Bxa5 Qb7 19. Nb6 Rab8 20. Nc5 Qa7 21. g4 Rxb6 22.
Bxb6 Qxb6 23. Nb3 Ra8 24. a3 c5 25. Qf2 Nd7 26. Qe3 c4 27. Qxb6 Nxb6 28. Nc5 c3 29. bxc3 Bxc3 30. Nxe6 Rxa3 0-1

[Event "Kadettallsvenskan 2018, sodra kvalet"]
[Site "Vegagatan 20, Gothenburg, Sweden"]
[Date "2018.04.15"]
[Round "6.5"]
[White "Vu, Casper"]
[Black "Nordin, Oscar"]
[Result "1-0"]
[TimeControl "45 minutes for the whole game + 10 seconds per move from move one."]
[WhiteFideId "1743350"]
[BlackFideId "1742302"]
[WhiteElo "1262"]
[BlackElo "1359"]

1. e4 e5 2. Nf3 Nc6 3. Bc4 Nf6 4. d3 Bc5 5. c3 d6 6. Bg5 h6 7. Bh4 O-O 8. O-O Be6 9. Bb3 Bxb3 10. Qxb3 Rb8 11. Nbd2 Qe7 12. Rad1 Qe6 13.
Rfe1 Qxb3 14. Nxb3 Bb6 15. d4 exd4 16. Nfxd4 Nxd4 17. Nxd4 Rfe8 18. Bxf6 gxf6 19. Rd3 Re7 20. Nf5 Re5 21. Nxh6+ Kf8 22. Rg3 Rg5 23. Rh3 Re8 24. Rf3 Rge5 25.
Rg3 Rh5 26. Rg8+ Ke7 27. Nf5+ Kd7 28. Rxe8 Kxe8 29. Ng7+ 1-0

[Event "Kadettallsvenskan 2018, sodra kvalet"]
[Site "Vegagatan 20, Gothenburg, Sweden"]
[Date "2018.04.15"]
[Round "6.6"]
[White "Olsson, William"]
[Black "Bensryd, Hampus"]
[Result "1-0"]
[TimeControl "45 minutes for the whole game + 10 seconds per move from move one."]
[WhiteFideId "1741721"]
[BlackFideId "1738330"]
[WhiteElo "2178"]
[BlackElo "1918"]

1. Nf3 Nc6 2. d4 d5 3. c4 e5 4. dxe5 Bb4+ 5. Bd2 dxc4 6. e3 Be6 7. a3 Ba5 8. Qa4 Qd5 9. Bxa5 Qxa5+ 10. Qxa5 Nxa5 11. Nbd2 b5 12. Nd4 Bd7 13. Ne4 Nb7 14. a4 c6 15. Be2 Ne7 16. O-O O-O 17. b3 cxb3 18. axb5 cxb5 19.
Nxb5 Nc6 20. Rfb1 Nxe5 21. Rxb3 Rfc8 22. h3 a5 23. Rba3 Rc2 24. Nbc3 Bc6 25. Bd1 Rb2 26. Bb3 Kf8 27.
Na4 Rxb3 28. Rxb3 Bxe4 29. f3 Bc6 30. Kf2 Ke8 31. Rc3 Kd7 32. Nb6+ 1-0

[Event "Kadettallsvenskan 2018, sodra kvalet"]
[Site "Vegagatan 20, Gothenburg, Sweden"]
[Date "2018.04.15"]
[Round "6.7"]
[White "Morell, Ludvig"]
[Black "Rasti, Arvin"]
[Result "0-1"]
[TimeControl "45 minutes for the whole game + 10 seconds per move from move one."]
[WhiteFideId "1736779"]
[BlackFideId "1741160"]
[WhiteElo "1517"]
[BlackElo "1920"]

1. e4 c5 2. Nf3 d6 3. d4 cxd4 4. Nxd4 Nf6 5. Nc3 a6 6. Be3 e5 7. Nb3 Be7 8. f3 h5 9. Qd2 Be6 10.
h3 Nbd7 11. Be2 Rc8 12. Bg5 Qc7 13. Bd1 Nb6 14. Bxf6 Bxf6 15. Be2 Bh4+ 16. Kd1 d5 17. exd5 Bxd5 18. Nxd5 Nxd5 19. Bd3 Qb6 20.
Qe2 Ne3+ 21. Kc1 O-O 22. g4 Bg5 23. h4 Nxc2+ 24. Kb1 Nxa1 25. Kxa1 Bf4 26. gxh5 Qe3 27. Qf1 Rfd8 28. Be4 b5 29.
Qg2 Rd6 30. Rg1 Bh6 31. Bf5 Rcd8 32. Bc2 Rd2 33. Nxd2 Rxd2 34. Qf1 Rxc2 35. Kb1 Qd2 36. Qd1 Rxb2+ 37. Ka1 Rxa2+ 38. Kb1 Qb2# 0-1

[Event "Kadettallsvenskan 2018, sodra kvalet"]
[Site "Vegagatan 20, Gothenburg, Sweden"]
[Date "2018.04.15"]
[Round "6.8"]
[White "Torngren, Gustav"]
[Black "Nord, Alexander"]
[Result "1-0"]
[TimeControl "45 minutes for the whole game + 10 seconds per move from move one."]
[WhiteFideId "1728970"]
[BlackFideId "1738135"]
[WhiteElo "1906"]
[BlackElo "1763"]

1. c4 e5 2. b3 Nc6 3. Bb2 g6 4. Nf3 Bg7 5. d3 d6 6. e3 Nge7 7. Be2 O-O 8. Nc3 Re8 9. a3 a5 10.
Qc2 d5 11. cxd5 Nxd5 12. O-O Nxc3 13. Bxc3 Qd6 14. Nd2 Be6 15. Nc4 Bxc4 16. bxc4 Rad8 17. Qb2 b6 18. Rad1 h5 19. Rd2 Bf8 20.
Ra1 Ne7 21. Bxe5 Qd7 22. Bc3 Nf5 23. d4 Bh6 24. Rd3 Qe7 25. Bd2 Bg7 26. Bf1 Qe4 27. Bc3 Qh4 28. Rc1 Nd6 29. Be1 Qe7 30.
c5 bxc5 31. Rxc5 Nf5 32. Bc3 Rb8 33. Qc1 a4 34. Bb4 Qe6 35. Rxc7 Bf8 36. Bxf8 Rxf8 37. Rdc3 h4 38. h3 Qa2 39.
Rc8 Rb1 40. Rxf8+ Kxf8 41. Rc8+ Kg7 42. Qc5 Qe6 43. Qf8+ 1-0

[Event "Kadettallsvenskan 2018, sodra kvalet"]
[Site "Vegagatan 20, Gothenburg, Sweden"]
[Date "2018.04.15"]
[Round "6.9"]
[White "Johansson, William"]
[Black "Torngren, Alexander"]
[Result "1-0"]
[TimeControl "45 minutes for the whole game + 10 seconds per move from move one."]
[WhiteFideId "1744070"]
[BlackFideId "1728962"]
[WhiteElo "1462"]
[BlackElo "1214"]

1. d4 d5 2. Bf4 Nf6 3. e3 Bf5 4. Nf3 Nbd7 5. Nbd2 e6 6. Be2 Bd6 7. Ne5 O-O 8. Ndf3 Nh5 9. Bg3 Nxg3 10.
hxg3 f6 11. Nxd7 Qxd7 12. Nh4 Bg6 13. Nxg6 hxg6 14. Bd3 f5 15. Qe2 c5 16. c3 c4 17. Bc2 b5 18. g4 Kf7 19. gxf5 exf5 20.
Qf3 Qe6 21. Kd2 Rh8 22. g4 Kf6 23. gxf5 gxf5 24. Rag1 Rxh1 25. Qxh1 g6 26. Qh7 Qf7 27. Qh4+ Kg7 28. Qg5 Be7 29.
Qf4 Rf8 30. Qh2 Rh8 31. Qf4 Rh5 32. Bd1 g5 33. Bxh5 Qxh5 34. Qe5+ Bf6 35. Qxf5 Qh7 36. Qxh7+ Kxh7 37. Rg3 Kh8 38.
Rf3 a5 39. Rh3 Bg7 40. Ke2 Bh6 41. Kf3 b4 42. e4 dxe4+ 43. Kxe4 a4 44. cxb4 a3 45.
bxa3 c3 46. Rxc3 1-0